 Dungeon Crawl Stone Soup version 0.31-a0-271-gb88eb75e06 (webtiles) character file.

Game seed: 16365192716190781782

18 Newt the Trooper (level 2, 0/24 HPs)
             Began as a Demonspawn Gladiator on July 14, 2023.
             Succumbed to an adder's poison
             ... on level 2 of the Dungeon.
             The game lasted 00:00:42 (936 turns).

Newt the Trooper (Demonspawn Gladiator)              Turns: 936, Time: 00:00:43

Health: 0/24       AC:  5    Str: 14    XL:     2   Next: 48%
Magic:  2/2        EV: 12    Int:  9    God:
Gold:   90         SH:  0    Dex: 14    Spells: 1/1 levels left

rFire   . . .        a - +1 rapier
rCold   . . .        (no shield)
rNeg    . . .        b - +0 leather armour
rPois   .            c - +1 helmet
rElec   .            (no cloak)
rCorr   .            (no gloves)
SInv    .            (no boots)
Will    .....        (no amulet)
Stlth   +            (no ring)
HPRegen 0.24/turn    (no ring)
MPRegen 0.08/turn

%: no passive effects
@: lethally poisoned (0 -> -1), attractive
A: demonic touch 1
a: no special abilities


You were on level 2 of the Dungeon.
You visited 1 branch of the dungeon, and saw 2 of its levels.

You collected 90 gold pieces.

Inventory:

Hand Weapons
 a - a +1 rapier (weapon)
Missiles
 d - a throwing net (quivered)
 e - a javelin
 g - 3 poisoned darts
Armour
 b - a +0 leather armour (worn)
 c - a +1 helmet (worn)


   Skills:
 + Level 3.1 Fighting
 - Level 2.6 Short Blades
 - Level 1.7 Throwing
 - Level 2.6 Dodging


You had one spell level left.
You didn't know any spells.
Your spell library contained the following spells:

 Spells                   Type           Power      Damage    Failure   Level
 Apportation              Tloc           0%         N/A       45%         1
 Necrotise                Necr           0%         1d4       45%         1
 Summon Small Mammal      Summ           0%         N/A       45%         1


Dungeon Overview and Level Annotations

Branches:
Dungeon (2/15)

Altars:


Innate Abilities, Weirdness & Mutations

Your touch may inflict minor irresistible damage on your foes.


Message History

You are poisoned.
The adder poisons you!
You hit the adder.
The adder is heavily wounded.
You feel sick. The adder bites you but does no damage.
The ogre struggles against the net.
The net rips apart, and the ogre comes free!
You closely miss the adder.
The adder is heavily wounded.
You feel sick. The adder bites you but does no damage.
The adder barely misses you.
It was a potion of attraction.
You feel attractive to monsters.
You feel sick.
You are no longer poisoned.
An adder comes into view.
The adder bites you.
* * * LOW HITPOINT WARNING * * *
You are lethally poisoned!
The adder poisons you! The adder is attracted toward you.
The adder hisses angrily.
You hit the adder. Your touch misses the adder.
The adder is severely wounded.
* * * LOW HITPOINT WARNING * * *
You feel sick.
Unknown command.
You closely miss the adder.
The adder is severely wounded.
* * * LOW HITPOINT WARNING * * *
You feel sick. The adder barely misses you.
The adder bites you but does no damage. The adder misses you.
Unknown command.
You closely miss the adder. Your touch misses the adder.
The adder is severely wounded.
* * * LOW HITPOINT WARNING * * *
You feel sick. The adder barely misses you.
Unknown command.
You hit the adder.
You kill the adder!
You die...

## ... .. ... #.
... #. #.# #.
#.# .#####. #.#
.......###'##
#(..SO@...##
#.####.....## #
#....†..#.####.
#.......<.......
+...............
#.........####..
##.......##
##.....##
......##


You could see an ogre (poisoned) and an adder.

Vanquished Creatures
  2 adders (D:2)
  2 ball pythons (D:1)
  An endoplasm (D:1)
  2 kobolds (D:1)
  A bat (D:2)
  2 goblins (D:1)
  A rat (D:1)
11 creatures vanquished.

Notes
Turn   | Place    | Note
-------+----------+-------------------------------------------
     0 | D:1      | Newt the Demonspawn Gladiator began the quest for the Orb.
     0 | D:1      | Reached XP level 1. HP: 16/16 MP: 1/1
   655 | D:1      | Gained mutation: Your touch may inflict minor irresistible
                  | damage on your foes. [demonic ancestry]
   655 | D:1      | Reached XP level 2. HP: 23/23 MP: 2/2
   913 | D:2      | Reached skill level 3 in Fighting
   918 | D:2      | Noticed an ogre
   935 | D:2      | HP: 1/24 [poisoned by an adder]
   936 | D:2      | Succumbed to an adder's poison

Illustrated notes

Levels and vault maps discovered:
D:1:      tarquinn_simple_flora_water_b, layout_basic
D:2:      layout_loops_corners

Skill      XL: |  1  2 |
---------------+-------+-----
Fighting       | 3 |  3.1
Short Blades   | |  2.6
Throwing       | |  1.7
Dodging        | |  2.6

Action                     || total
---------------------------++-------
  Melee: Rapier            ||    40
  Throw: Dart              ||     3
         Throwing net      ||     2
    Use: Scroll            ||     2
         Potion            ||     1
 Armour: Leather armour    ||    11
  Dodge: Dodged            ||    21

Table legend: (Time is in decaauts)
 A = Elapsed time spent in this place.
 B = Non-inter-level travel time spent in this place.
 C = Inter-level travel time spent in this place.
 D = Time resting spent in this place.
 E = Time spent auto-exploring this place.
 F = Levels seen in this place.
 G = Mean time per level.
                   A        B        C        D        E       F      G
               +--------+--------+--------+--------+--------+-----+--------+
         Total |    937 |    875 |     62 |      0 |    784 |   2 |  468.5 |
       Dungeon |    937 |    875 |     62 |      0 |    784 |   2 |  468.5 |
               +--------+--------+--------+--------+--------+-----+--------+

Top non-repeatable levels by time:
     D:1: 903 daAuts
     D:2: 34 daAuts
